AoeStats
← tilmanv

Arena

508297103Analyzed
4v4 RM · 12d ago on Sep 21, 2026· 40m 57s· 8 players
Game mode
Random Map
Map size
Large (8 player)
Population
200
Speed
Normal
Resources
Standard
Victory
Conquest
Starting age
Dark Age
Ending age
Imperial Age
RankedLock teamsTeams togetherTeam positionsShared explorationLock speedFull tech treeHidden civsTurbo modeCheats
Victory
Defeat
🇩🇪 Teutons · Germany
1079
+14
🇮🇹 Celts · Italy
1075
+14
🇲🇰 Romans · North Macedonia
1066
+15
🇪🇸 Poles · Spain
1030
+16
🇫🇮 Celts · Finland
1172
-20
🇺🇸 Britons · United States
1072
-16
🇺🇸 Cumans · United States
954
-12
🇵🇱 Persians · Poland
945
-11
syntax error
9:24 Loom
12:19 Feudal Age
15:55 Castle Age
15:01 Gold Mining
15:00 Double-Bit Axe
15:03 Horse Collar
16:43 Heavy Plow
23:22 Bow Saw
25:57 Gold Shaft Mining
27:40 Pikeman
28:35 Forging
28:25 Scale Mail Armor
30:57 Imperial Age
29:02 Wheelbarrow
28:46 Squires
30:46 Iron Casting
30:26 Chain Mail Armor
30:59 Capped Ram
31:16 Halberdier
32:42 Hand Cart
31:55 Siege Ram
34:08 Blast Furnace
33:15 Scale Barding Armor
41:16 Stone Mining
41:48 Ballistics
42:28 Chemistry
41:34 Siege Engineers
41:40 Masonry
41:40 Fortified Wall
41:53 Chain Barding Armor
41:24 Fletching
41:34 Padded Archer Armor
41:36 Caravan
42:06 Coinage
41:47 Guilds
|GaoeG| Ratarax
12:05 Feudal Age
15:36 Castle Age
14:21 Loom
15:08 Double-Bit Axe
15:08 Horse Collar
17:11 Bow Saw
17:03 Heavy Plow
22:11 Fletching
25:22 Wheelbarrow
25:44 Bodkin Arrow
32:48 Imperial Age
32:29 Bloodlines
32:19 Husbandry
32:28 Szlachta Privileges
32:32 Scale Barding Armor
32:38 Forging
33:50 Chain Barding Armor
32:52 Cavalier
36:36 Iron Casting
40:22 Chemistry
40:31 Elite Obuch
41:48 Hoardings
41:34 Conscription
41:24 Scale Mail Armor
tilmanv
2:29 Loom
12:45 Feudal Age
14:56 Wheelbarrow
14:09 Double-Bit Axe
17:18 Castle Age
15:45 Gold Mining
15:45 Stone Mining
18:38 Hand Cart
19:11 Bow Saw
26:27 Loom
26:27 Town Watch
30:32 Imperial Age
30:03 Bloodlines
30:05 Forging
30:00 Scale Barding Armor
32:18 Iron Casting
32:04 Chain Barding Armor
31:15 Cavalier
33:28 Two-Man Saw
32:38 Paladin
34:22 Blast Furnace
35:19 Plate Barding Armor
36:56 Town Patrol
36:59 Scale Mail Armor
40:45 Fortified Wall
40:56 Ballistics
41:37 Chemistry
40:21 Pikeman
41:02 Squires
40:47 Arson
fabio07deluca
11:22 Feudal Age
15:19 Castle Age
13:32 Horse Collar
14:23 Double-Bit Axe
18:06 Heavy Plow
18:49 Bow Saw
21:10 Stone Mining
21:13 Gold Mining
25:53 Wheelbarrow
26:33 Gold Shaft Mining
26:36 Stone Shaft Mining
29:16 Hand Cart
28:48 Town Watch
28:49 Loom
29:22 Treadmill Crane
29:53 Fortified Wall
32:27 Imperial Age
30:01 Town Patrol
30:22 Masonry
29:40 Pikeman
30:49 Scale Mail Armor
30:59 Forging
31:35 Arson
32:07 Chain Mail Armor
34:11 Iron Casting
33:40 Murder Holes
34:06 Ballistics
34:53 Plate Mail Armor
34:15 Halberdier
40:46 Capped Ram
Dragoon
10:02 Feudal Age
11:40 Double-Bit Axe
14:41 Castle Age
12:51 Horse Collar
15:53 Bow Saw
15:46 Heavy Plow
17:18 Loom
19:28 Gold Mining
20:24 Fletching
23:58 Bodkin Arrow
26:04 Padded Archer Armor
30:29 Imperial Age
29:06 Wheelbarrow
29:25 Ballistics
31:07 Hand Cart
33:34 Chemistry
33:07 Bracer
36:46 Leather Archer Armor
36:34 Elite Longbowman
38:52 Conscription
Red Death
11:39 Feudal Age
12:12 Double-Bit Axe
12:10 Horse Collar
19:45 Castle Age
18:18 Scale Barding Armor
20:22 Padded Archer Armor
21:49 Thumb Ring
23:05 Wheelbarrow
24:02 Bow Saw
23:54 Heavy Plow
24:39 Leather Archer Armor
24:14 Fletching
25:01 Gold Mining
27:24 Town Watch
31:57 Imperial Age
31:37 Coinage
32:35 Hand Cart
33:09 Parthian Tactics
33:39 Bloodlines
32:52 Light Cavalry
35:52 Chain Barding Armor
_I_Me262_I_
9:42 Feudal Age
10:38 Double-Bit Axe
11:05 Horse Collar
15:22 Castle Age
14:28 Loom
15:12 Gold Mining
16:19 Bow Saw
17:16 Wheelbarrow
18:37 Hand Cart
25:00 Heavy Plow
27:36 Imperial Age
28:08 Masonry
27:50 Capped Ram
28:41 Siege Ram
29:55 Scale Mail Armor
30:06 Forging
29:56 Pikeman
30:22 Arson
30:55 Chain Mail Armor
32:29 Siege Engineers
33:22 Halberdier
34:30 Conscription
35:46 Iron Casting
36:49 Chemistry
38:26 Blast Furnace
39:25 Ballistics
InGlory
10:59 Feudal Age
14:33 Castle Age
12:22 Double-Bit Axe
12:24 Horse Collar
15:47 Bow Saw
15:40 Heavy Plow
16:19 Wheelbarrow
22:39 Gold Mining
25:59 Hand Cart
25:31 Loom
25:31 Town Watch
28:53 Imperial Age
26:35 Scale Barding Armor
26:41 Forging
27:39 Stone Mining
28:28 Gold Shaft Mining
28:39 Husbandry
29:27 Iron Casting
30:16 Stone Shaft Mining
29:13 Cavalier
30:16 Town Patrol
31:38 Chain Barding Armor
32:22 Chemistry
31:50 Savar
33:22 Plate Barding Armor
38:05 Blast Furnace
37:54 Heavy Camel Rider
Connection lost

Rejoining the realm…

Still unreachable

The connection could not be restored.

Session expired

The server has moved on; the page needs a fresh start.